 Dungeon Crawl Stone Soup version 0.31-a0-204-g7da18cac08 (webtiles) character file.

Game seed: 14216502383508348544

1645 qw the Skirmisher (level 8, -3/46 HPs)
             Began as a Deep Elf Hunter on June 27, 2023.
             Was a Follower of Okawaru.
             Succumbed to a killer bee's poison
             ... on level 7 of the Dungeon.
             The game lasted 00:02:11 (5775 turns).

qw the Skirmisher (Deep Elf Hunter)                 Turns: 5775, Time: 00:02:12

Health: -3/46      AC: 11    Str: 10    XL:     8   Next: 67%
Magic:  11/13      EV: 15    Int: 15    God:    Okawaru [*.....]
Gold:   75         SH:  0    Dex: 18    Spells: 7/7 levels left

rFire   . . .        n - +0 orcbow
rCold   . . .        (shield currently unavailable)
rNeg    . . .        i - +0 ring mail
rPois   .            e - +0 helmet
rElec   .            p - scarf {repulsion}
rCorr   .            j - +1 pair of gloves
SInv    .            h - +0 pair of boots
Will    .....        (no amulet)
Stlth   +++          (no ring)
HPRegen 0.27/turn    (no ring)
MPRegen 0.13/turn

%: repel missiles
@: lethally poisoned (-3 -> -19), about to teleport, heroic
A: no striking features
a: Renounce Religion, Heroism


You were on level 7 of the Dungeon.
You worshipped Okawaru.
Okawaru was aware of your devotion.
You visited 2 branches of the dungeon, and saw 8 of its levels.

You collected 315 gold pieces.
You spent 240 gold pieces at shops.


   Skills:
 - Level 3.2(8.2) Fighting
 + Level 12.5(17.5) Ranged Weapons
 - Level 1.5(6.5) Armour
 - Level 4.2(9.2) Dodging
 - Level 1.2(6.2) Stealth
 - Level 4.2 Invocations


You had 7 spell levels left.
You didn't know any spells.
Your spell library was empty.

Inventory:

Hand Weapons
 n - a +0 orcbow (weapon)
Armour
 e - a +0 helmet (worn)
 h - a +0 pair of boots (worn)
 i - a +0 ring mail (worn)
 j - a +1 pair of gloves (worn)
 p - a scarf of repulsion (worn)
 q - the +1 robe of Forking Paths {rPois Slay+3}
   (You found it on level 7 of the Dungeon)

   Slay:      It affects your accuracy & damage with ranged weapons and melee
   (+3).
   rPois:     It protects you from poison.
Scrolls
 a - 2 scrolls of identify
 f - a scroll of teleportation
 k - a scroll of enchant armour {unknown}
Potions
 b - 2 potions of heal wounds
 c - a potion of haste
 d - 2 potions of magic
 g - 2 potions of mutation
 l - 3 potions of curing
 m - a potion of lignification {unknown}
 o - a potion of might {unknown}
 r - a potion of cancellation {unknown}

Dungeon Overview and Level Annotations

Branches:
Dungeon (7/15)             Temple (1/1) D:4

Altars:
Elyvilon
Gozag
Kikubaaqudgha
Makhleb
Nemelex Xobeh
Okawaru
Qazlal
Ru
Sif Muna
Trog
Uskayaw
Vehumet
Yredelemnul
Zin
The Shining One
Lugonu

Shops:
D:7 *[


Message History

The howler monkey hoots and howls with incredible vigour!
You hear a howl! x2; You hear a shout! x3
You shoot an arrow. The arrow hits the killer bee.
The killer bee is moderately wounded.
You feel sick. The killer bee closely misses you. The killer bee stings you.
You are more poisoned.
The killer bee poisons you! The killer bee completely misses you.
The killer bee stings you. The killer bee barely misses you.
The killer bee stings you.
You are more poisoned.
The killer bee poisons you!
5772 ||| INVOKING Heroism.
You gain the combat prowess of a mighty hero.
You feel very sick. The killer bee misses you.
The killer bee stings you but does no damage.
The killer bee closely misses you.
The killer bee stings you but does no damage.
The killer bee closely misses you. The killer bee barely misses you.
A howler monkey comes into view.
You shoot an arrow.
The arrow completely misses the killer bee.
You feel sick. The killer bee closely misses you. The killer bee misses you.
The killer bee stings you but does no damage.
A howler monkey comes into view.
The killer bee stings you.
You are lethally poisoned!
The killer bee poisons you! The killer bee misses you.
The killer bee stings you.
You shoot an arrow.
The arrow closely misses the killer bee.
You feel very sick. The killer bee stings you!
The killer bee barely misses you.
The killer bee stings you but does no damage.
The howler monkey hoots and howls with incredible vigour!
You hear a shout! x2
5775 ||| READING 2 scrolls of teleportation.
As you read the scroll of teleportation, it crumbles to dust.
You feel strangely unstable.
You die...

..## ...## ...#
....##### ...#
.#..<.#.+ ...#
.#.%..#.## ...##
##.......# ....###
##....%..## h.....h
###.......#
#####y......
##......#+#.#.@yh....~
#.............y...h.~
#..#.###...##........
#..)###../..##........
#....##......##...#....
#.... #.............#.#
#.. ###...#...##..# #
##..#..## #.. #....##


You could see 4 howler monkeys and 3 killer bees.

Vanquished Creatures
  Grinder (D:3)
  A black bear (D:5)
  A sky beast (D:7)
  An ogre (D:7)
  A centaur (D:6)
  A kobold brigand (D:7)
  2 bullfrogs (D:7)
  4 scorpions
  2 killer bees (D:7)
  An orc priest (D:4)
  2 jellies
  4 hounds
  A gnoll bouda (D:7)
  2 iguanas
  An orc wizard (D:4)
  7 gnolls
  9 adders
  A shadow imp (D:6)
  A white imp (D:7)
  2 ufetubi
  3 dart slugs
  A worm (D:2)
  8 orcs
  11 ball pythons
  4 bats (D:1)
  7 endoplasms
  3 giant cockroaches
  10 goblins
  8 hobgoblins
  8 jackals
  3 quokkas
  3 frilled lizards
  14 kobolds
  5 rats
133 creatures vanquished.

Notes
Turn   | Place    | Note
-------+----------+-------------------------------------------
     0 | D:1      | qw the Deep Elf Hunter began the quest for the Orb.
     0 | D:1      | Reached XP level 1. HP: 12/12 MP: 3/3
     0 | D:1      | 0 ||| qw: Version: 0.3-a-22-g0ed2b0b
     0 | D:1      | 0 ||| qw: Game counter: 6614
     0 | D:1      | 0 ||| qw: Melee chars always use a shield: true
     0 | D:1      | 0 ||| qw: God list: Okawaru
     0 | D:1      | 0 ||| qw: Allow faded altars: false
     0 | D:1      | 0 ||| qw: Do Orc after clearing Dungeon:15 true
     0 | D:1      | 0 ||| qw: Do second Lair branch before Depths: true
     0 | D:1      | 0 ||| qw: Lair rune preference: random
     0 | D:1      | 0 ||| qw: Goals: Normal
     0 | D:1      | 0 ||| PLANNING D:1-11
    39 | D:1      | 39 ||| FLEEEEING.
    64 | D:1      | Reached skill level 6 in Ranged Weapons
    64 | D:1      | Reached XP level 2. HP: 16/16 MP: 4/4
   612 | D:1      | Reached XP level 3. HP: 15/20 MP: 5/5
   786 | D:1      | 786 ||| UPGRADING to +0 helmet.
   791 | D:1      | 791 ||| UPGRADING to +1 pair of gloves.
   796 | D:1      | 796 ||| READING scroll labelled MUELUO QUPTUR.
   797 | D:1      | 797 ||| READING scroll labelled PIETOBL UG LIO.
   798 | D:1      | 798 ||| READING 2 scrolls labelled VAL HIUPIMAEB.
   836 | D:1      | 836 ||| READING scroll labelled UKUPAE RASU.
   837 | D:1      | 837 ||| READING scroll labelled DEUTSI NUNEYC.
   838 | D:1      | 838 ||| DROPPING scroll of butterflies.
   839 | D:1      | 839 ||| DROPPING scroll of torment.
   913 | D:2      | Reached skill level 7 in Ranged Weapons
  1163 | D:2      | 1163 ||| FLEEEEING.
  1213 | D:2      | Reached XP level 4. HP: 25/25 MP: 6/6
  1282 | D:2      | Reached skill level 8 in Ranged Weapons
  1526 | D:2      | 1526 ||| READING scroll labelled HOMOJIL UCKAR.
  1527 | D:2      | 1527 ||| READING 2 scrolls labelled WAFEAZEWOPOA.
  1532 | D:2      | 1532 ||| READING scroll labelled DUTUSHRYAMMACYF.
  1564 | D:3      | Noticed Grinder
  1568 | D:3      | Paralysed by Grinder for 4 turns
  1573 | D:3      | 1573 ||| FLEEEEING.
  1580 | D:3      | 1580 ||| FLEEEEING.
  1581 | D:3      | 1581 ||| FLEEEEING.
  1582 | D:3      | 1582 ||| STAIRDANCE
  1630 | D:3      | 1630 ||| STAIRDANCE
  1682 | D:3      | 1682 ||| STAIRDANCE
  1722 | D:3      | Killed Grinder
  1723 | D:3      | Reached skill level 9 in Ranged Weapons
  1723 | D:3      | Reached XP level 5. HP: 21/29 MP: 7/7
  1723 | D:3      | Reached XP level 6. HP: 25/34 MP: 8/8
  1860 | D:3      | Found a sacrificial altar of Ru.
  2158 | D:3      | Reached skill level 3 in Dodging
  2825 | D:4      | Found a staircase to the Ecumenical Temple.
  2826 | D:4      | 2826 ||| PLANNING TEMPLE
  2834 | Temple   | Entered the Ecumenical Temple
  2843 | Temple   | 2843 ||| PLANNING OKAWARU WORSHIP
  2875 | Temple   | Became a worshipper of Warmaster Okawaru
  2876 | Temple   | 2876 ||| PLANNING D:1-11
  2909 | D:4      | Reached skill level 10 in Ranged Weapons
  2931 | D:4      | HP: 7/35 [something/puff of flame (9)]
  3226 | D:4      | Reached XP level 7. HP: 40/40 MP: 9/9
  3346 | D:4      | Found an opulent altar of Gozag.
  3471 | D:4      | Found a basalt altar of Yredelemnul.
  3666 | D:4      | 3666 ||| UPGRADING to +0 scale mail.
  3676 | D:4      | 3676 ||| DROPPING +0 leather armour.
  3677 | D:4      | 3677 ||| UPGRADING to +0 ring mail.
  3687 | D:4      | 3687 ||| DROPPING +0 scale mail.
  3688 | D:4      | 3688 ||| READING scroll labelled FOICHE MEGORIA.
  3801 | D:5      | Entered Level 5 of the Dungeon
  3885 | D:5      | Reached skill level 1 in Armour
  4227 | D:5      | Reached * piety under Okawaru
  4228 | D:5      | Reached skill level 11 in Ranged Weapons
  4236 | D:5      | Reached skill level 1 in Invocations
  4406 | D:5      | 4406 ||| UPGRADING to +0 pair of boots.
  4411 | D:5      | 4411 ||| READING scroll labelled DIUBENL DAXTI.
  4412 | D:5      | 4412 ||| DRINKING 2 white potions.
  4413 | D:5      | 4413 ||| DRINKING 2 murky blue potions.
  4414 | D:5      | 4414 ||| READING 2 scrolls of identify.
  4414 | D:5      | 4414 ||| IDENTIFYING amethyst potion
  4515 | D:6      | Identified the +1 mace of Valiance {freeze, *Slow rN++
                  | Str+3 Int+3}
  4538 | D:6      | 4538 ||| INVOKING Heroism.
  4539 | D:6      | 4539 ||| INVOKING Heroism.
  4624 | D:6      | 4624 ||| SWAPPING to +0 orcbow.
  4625 | D:6      | 4625 ||| DROPPING +1 shortbow.
  4799 | D:6      | Found a burning altar of Makhleb.
  4805 | D:6      | Reached XP level 8. HP: 44/44 MP: 11/11
  4960 | D:6      | Found a radiant altar of Vehumet.
  5044 | D:6      | Reached skill level 3 in Invocations
  5273 | D:6      | 5273 ||| UPGRADING to scarf of repulsion.
  5278 | D:6      | 5278 ||| READING 4 scrolls of identify.
  5278 | D:6      | 5278 ||| IDENTIFYING murky inky potion
  5279 | D:6      | 5279 ||| READING 3 scrolls of identify.
  5279 | D:6      | 5279 ||| IDENTIFYING sedimented silvery potion
  5280 | D:6      | 5280 ||| READING 2 scrolls of identify.
  5280 | D:6      | 5280 ||| IDENTIFYING viscous golden potion
  5281 | D:6      | 5281 ||| DROPPING potion of ambrosia.
  5332 | D:7      | 5332 ||| INVOKING Heroism.
  5407 | D:7      | Found a white marble altar of Elyvilon.
  5442 | D:7      | 5442 ||| INVOKING Heroism.
  5446 | D:7      | Reached skill level 12 in Ranged Weapons
  5512 | D:7      | Identified the +1 robe of Forking Paths {rPois Slay+3}
  5565 | D:7      | 5565 ||| Stepping ~*~*~tactically~*~*~ (outnumbered).
  5567 | D:7      | 5567 ||| Stepping ~*~*~tactically~*~*~ (outnumbered).
  5572 | D:7      | Found Miedgh's Merry Market.
  5581 | D:7      | Found Heic's Antique Armour Shoppe.
  5587 | D:7      | 5587 ||| BUYING potion of magic (120 gold).
  5587 | D:7      | Bought a potion of magic for 120 gold pieces
  5587 | D:7      | 5587 ||| BUYING potion of mutation (120 gold).
  5587 | D:7      | Bought a potion of mutation for 120 gold pieces
  5593 | D:7      | 5593 ||| SHOPLISTING glowing leather armour (110 gold, have
                  | 63).
  5593 | D:7      | 5593 ||| SHOPLISTING runed robe (81 gold, have 63).
  5611 | D:7      | 5611 ||| INVOKING Heroism.
  5618 | D:7      | Reached skill level 3 in Fighting
  5772 | D:7      | 5772 ||| INVOKING Heroism.
  5774 | D:7      | HP: 9/46 [poisoned by a killer bee]
  5774 | D:7      | HP: 1/46 [killer bee (8)]
  5775 | D:7      | 5775 ||| READING 2 scrolls of teleportation.
  5775 | D:7      | Succumbed to a killer bee's poison

Levels and vault maps discovered:
D:1:      zaba_arrival_water, layout_loops_ring
D:2:      minmay_general_purpose_star, layout_basic
D:3:      layout_basic, nicolae_ru_sacrificial_ziggurat, chequers_jeans,
          bh_walls_and_bars, uniq_grinder
D:4:      minmay_recursive_quarters, layout_basic,
          mainiacjoe_overflow_catch_the_wave, minmay_temple_entry_large_hall,
          minmay_misc_feat_iff, serial_park_tiny_pond
D:5:      layout_gridville
D:6:      layout_loops_ring, mainiacjoe_overflow_cross_hatched,
          makhleb_heckhound_becter
D:7:      layout_cave_pools, grunt_dithmenos_smoke, elyvilon_altar_3,
          serial_shops, nicolae_shop_tiny_waterfront, shop_fountains,
          nicolae_shop_rolling_square, nicolae_alphabet_shops, minmay_crossroads
Temple:   corrupted_temple

Skill      XL: |  1  2  3  4  5  6  7  8 |
---------------+-------------------------+-----
Ranged Weapons | 6 7 9 10 11 12 | 12.5
Dodging        | 4 |  4.2
Fighting       | 2 3 |  3.2
Armour         | 1 |  1.5
Invocations    | 2 4 |  4.2
Stealth        | |  1.2

Action                     |  1- 3 |  4- 6 |  7- 9 || total
---------------------------+-------+-------+-------++-------
   Fire: Shortbow          |   123 |   132 |    61 ||   316
         Orcbow            |       |       |   130 ||   130
 Invoke: Heroism           |       |       |     5 ||     5
    Use: Scroll            |     5 |     3 |     7 ||    15
         Potion            |       |       |     2 ||     2
 Armour: Leather armour    |    15 |    10 |       ||    25
         Ring mail         |       |       |    48 ||    48
  Dodge: Dodged            |    49 |    23 |    86 ||   158
         Repelled          |       |       |     1 ||     1

Table legend:
 A = Non-vault XP
 B = Vault XP
 C = Vault XP percentage of total XP
 D = Non-vault monster count
 E = Vault monster count
 F = Vault count percentage of total count
                 A         B        C        D         E       F
            +---------+---------+-------+---------+---------+-------
      Total |    2008 |     343 |  14.6 |     126 |       7 |   5.3
            +---------+---------+-------+---------+---------+-------
        D:1 |      45 |       0 |   0.0 |      27 |       0 |   0.0
        D:2 |     124 |       4 |   3.1 |      27 |       2 |   6.9
        D:3 |      92 |     281 |  75.3 |      16 |       1 |   5.9
        D:4 |     252 |      18 |   6.7 |      19 |       3 |  13.6
        D:5 |     371 |       0 |   0.0 |       6 |       0 |   0.0
        D:6 |     317 |      40 |  11.2 |      11 |       1 |   8.3
        D:7 |     807 |       0 |   0.0 |      20 |       0 |   0.0
            +---------+---------+-------+---------+---------+-------
